 Dungeon Sprint DCSS version 0.32-a0-931-g5a2cda0630 (webtiles) character file.

Game seed: 17347255856868227186

6400000 Griffin23 the Axe Maniac (level 26, -5/266 HPs)
             Began as a Minotaur Berserker on Apr 14, 2024.
             Was the Champion of Makhleb.
             Killed by divine providence
             ... invoked by an accursed
              (16 damage)
             ... in the Dungeon (Sprint VIII: "Arena of Blood").
             The game lasted 00:03:54 (64 turns).

Griffin23 the Axe Maniac (Minotaur Berserker)         Turns: 64, Time: 00:03:55

Health: -5/266     AC:  4    Str: 32    XL:     26   Next: 30%
Magic:  23/53      EV: 23    Int:  4    God:    Makhleb [******]
Gold:   0          SH:  0    Dex: 12    Spells: 79/79 levels left

rFire   . . .        i - +∞ Axe of Woe
rCold   . . .        (shield currently unavailable)
rNeg    . . .        b - +0 animal skin
rPois   .            (helmet restricted)
rElec   .            (no cloak)
rCorr   .            (no gloves)
SInv    .            (no boots)
Will    +....        (no amulet)
Stlth   +++++++++    (no ring)
HPRegen 0.64/turn    (no ring)
MPRegen 0.33/turn

%: no teleportation
@: no status effects
A: horns 2, retaliatory headbutt
a: Renounce Religion, Minor Destruction, Lesser Servant of Makhleb, Major
Destruction, Greater Servant of Makhleb


You were in the Dungeon.
You worshipped Makhleb.
Makhleb was exalted by your worship.
You visited 1 branch

Inventory:

Hand Weapons
 a - a +0 hand axe
 i - the +∞ Axe of Woe (weapon)
   (You found it in the Dungeon)
Armour
 b - a +0 animal skin (worn)
Potions
 c - a potion of curing
 d - a potion of heal wounds
 e - a potion of haste
 f - 2 potions of magic
 g - a potion of berserk rage


   Skills:
 O Level 27 Fighting
 + Level 22.3(26.4) Short Blades
 + Level 26.0(27) Long Blades
 O Level 27 Axes
 O Level 27 Maces & Flails
 O Level 27 Polearms
 + Level 24.0(27) Staves
 + Level 22.3 Ranged Weapons
 + Level 20.6 Throwing
 O Level 27 Armour
 O Level 27 Dodging
 O Level 27 Stealth
 + Level 24.0 Shields
 O Level 27 Unarmed Combat
 O Level 27 Spellcasting
 + Level 16.3 Conjurations
 + Level 15.0 Hexes
 + Level 16.3 Summonings
 + Level 16.3 Necromancy
 + Level 16.3 Translocations
 + Level 16.3 Fire Magic
 + Level 16.3 Ice Magic
 + Level 17.7 Air Magic
 + Level 19.2 Earth Magic
 + Level 17.7 Alchemy
 O Level 27 Invocations
 + Level 20.7 Evocations
 * Level 22.3 Shapeshifting


You had 79 spell levels left.
You didn't know any spells.
Your spell library was empty.

Dungeon Overview and Level Annotations

Branches:
Dungeon (1/1)

Altars:
Makhleb


Innate Abilities, Weirdness & Mutations

You have a pair of horns on your head.
You reflexively headbutt those who attack you in melee.


Message History

The meat berserker convulses!
The bag of meat convulses! x3
The eight-headed meat hydra convulses!
The accursed points at you and mumbles some strange words.
Something smites you!
* * * LOW HITPOINT WARNING * * *
The meat berserker rages.
Your base Long Blades skill increases to level 26!
Your base Staves skill increases to level 24!
Your Shields skill increases to level 24!
Your Hexes skill increases to level 15!
Unknown command.
The bag of meat shouts!
You hit the bag of meat.
You hew the bag of meat violently.
You kill the bag of meat!
Makhleb accepts your kill.
You feel better.
You slash the bag of meat!
You butcher the bag of meat messily.
You kill the bag of meat!
Makhleb accepts your kill.
You feel better.
You hit the bag of meat.
You slaughter the bag of meat joyfully.
You kill the bag of meat!
Makhleb accepts your kill.
You feel better.
You are engulfed in blazing flames.
* * * LOW HITPOINT WARNING * * *
The large abomination disappears in a puff of smoke!
The tentacled monstrosity disappears in a puff of smoke!
A bag of meat comes into view. It is wielding a +9 war axe.
The tyrant waves its bony arms in wide circles.
The air twists around and strikes you!!!
* * * LOW HITPOINT WARNING * * *
The bag of meat is engulfed in blazing flames.
The accursed casts a spell at you. Something smites you!
* * * LOW HITPOINT WARNING * * *
The bag of meat is engulfed in blazing flames.
The accursed is engulfed in blazing flames.
The accursed points at you and mumbles some strange words.
Something smites you!
You die...

V... o......
..........o ..oX...
...o...oV oX.X...
#O...o..# oL.§.V.
#.....M.# .X.X...
..###..O.oo.###XXD..o.
.X...o§###.oo§§.......
zX.LOo○o_ooOM○@§2O....
.oO.o#§)oo)#§oo§...#.#
..X #_.<)_#.§°§...L..
. #...))#O....o#.#.
.M..._Mo.oDoV...o..
......###..o....M.#.#
.###.. .o.###..... .
#.. ....# ...... #.
...#


You could see 3 accurseds, a tentacled monstrosity (summoned), a meat beast
(fast), 2 tyrants, 2 eight-headed meat hydras, 2 destroyers, 6 large
abominations, 4 meat berserkers and 24 bags of meat.

Vanquished Creatures
  9 vampire knights (D)
  25 ogres (D)
  9 two-headed ogres (D)
  A lich (D)
  54 orcs (D)
  A skeletal warrior (D)
99 creatures vanquished.

Notes
Turn   | Place    | Note
-------+----------+-------------------------------------------
     0 | D        | Found the +∞ Axe of Woe
     0 | D        | Griffin23 the Minotaur Berserker began the quest for the
                  | Orb.
     0 | D        | Reached XP level 1. HP: 19/19 MP: 0/0
     1 | D        | Noticed a bag of meat
     3 | D        | Noticed a bag of meat
     4 | D        | Fell from the grace of Trog
     4 | D        | Became a worshipper of Makhleb the Destroyer
     4 | D        | Noticed a bag of meat
     5 | D        | Noticed a bag of meat
     9 | D        | Killed a bag of meat
     9 | D        | Killed a bag of meat
     9 | D        | Reached * piety under Makhleb
     9 | D        | Noticed a bag of meat
    10 | D        | Reached skill level 10 in Dodging
    10 | D        | Reached XP level 2. HP: 60/60 MP: 1/1
    10 | D        | Reached XP level 3. HP: 67/67 MP: 2/2
    10 | D        | Reached XP level 4. HP: 75/75 MP: 3/3
    10 | D        | Reached XP level 5. HP: 82/82 MP: 4/4
    10 | D        | Reached XP level 6. HP: 91/91 MP: 5/5
    10 | D        | Reached XP level 7. HP: 97/97 MP: 6/6
    10 | D        | Reached XP level 8. HP: 106/106 MP: 7/7
    10 | D        | Reached XP level 9. HP: 114/114 MP: 8/8
    10 | D        | Reached XP level 10. HP: 122/122 MP: 9/9
    10 | D        | Reached XP level 11. HP: 129/129 MP: 10/10
    10 | D        | Killed a bag of meat
    11 | D        | Reached XP level 12. HP: 140/140 MP: 11/11
    11 | D        | Noticed a meat berserker
    11 | D        | Noticed a meat berserker
    12 | D        | Killed a bag of meat
    13 | D        | Reached XP level 13. HP: 150/150 MP: 12/12
    13 | D        | Noticed a bag of meat
    14 | D        | Noticed a meat berserker
    14 | D        | Noticed a bag of meat
    14 | D        | Noticed a bag of meat
    15 | D        | Killed a meat berserker
    15 | D        | Reached ** piety under Makhleb
    15 | D        | Noticed a bag of meat
    15 | D        | Noticed a bag of meat
    15 | D        | Noticed a meat berserker
    15 | D        | Noticed a bag of meat
    15 | D        | Noticed a large bag of meat
    16 | D        | Noticed a meat berserker
    16 | D        | Noticed a bag of meat
    17 | D        | Killed a bag of meat
    17 | D        | Killed a meat berserker
    17 | D        | Noticed a bag of meat
    18 | D        | Reached skill level 27 in Fighting
    18 | D        | Reached skill level 27 in Axes
    18 | D        | Reached XP level 14. HP: 168/168 MP: 13/13
    19 | D        | Noticed a large bag of meat
    20 | D        | Killed a meat berserker
    20 | D        | Reached *** piety under Makhleb
    20 | D        | Killed a bag of meat
    20 | D        | Killed a bag of meat
    21 | D        | Reached skill level 27 in Armour
    21 | D        | Reached XP level 15. HP: 145/174 MP: 14/14
    21 | D        | Noticed a large bag of meat
    22 | D        | Killed a meat berserker
    22 | D        | Reached **** piety under Makhleb
    22 | D        | Killed a meat berserker
    22 | D        | Noticed a large bag of meat
    22 | D        | Noticed a destroyer
    23 | D        | Reached skill level 27 in Dodging
    23 | D        | Reached skill level 10 in Unarmed Combat
    23 | D        | Reached XP level 16. HP: 129/183 MP: 14/24
    23 | D        | Noticed a destroyer
    24 | D        | Reached skill level 10 in Invocations
    24 | D        | Noticed a meat berserker
    24 | D        | Killed a large bag of meat
    24 | D        | Reached ***** piety under Makhleb
    24 | D        | Killed a large bag of meat
    25 | D        | Reached skill level 15 in Unarmed Combat
    25 | D        | Reached skill level 10 in Spellcasting
    25 | D        | Reached XP level 17. HP: 116/191 MP: 14/30
    25 | D        | Noticed a meat berserker
    26 | D        | Killed a large bag of meat
    26 | D        | Killed a destroyer
    26 | D        | Reached ****** piety under Makhleb
    26 | D        | Noticed a meat berserker
    26 | D        | Noticed a meat berserker
    26 | D        | Noticed a meat berserker
    27 | D        | Reached XP level 18. HP: 140/200 MP: 14/33
    27 | D        | Killed a destroyer
    27 | D        | Killed a large bag of meat
    28 | D        | Noticed a destroyer
    28 | D        | Noticed a meat berserker
    28 | D        | Noticed a destroyer
    28 | D        | Noticed a meat berserker
    29 | D        | Noticed a meat berserker
    29 | D        | Noticed a meat berserker
    29 | D        | Noticed a large bag of meat
    30 | D        | Killed a meat berserker
    30 | D        | Killed a destroyer
    31 | D        | Reached skill level 15 in Spellcasting
    31 | D        | Reached XP level 19. HP: 102/207 MP: 15/37
    31 | D        | Killed a meat berserker
    31 | D        | Killed a meat berserker
    31 | D        | Noticed a meat berserker
    32 | D        | Reached skill level 27 in Maces & Flails
    32 | D        | Reached skill level 27 in Polearms
    32 | D        | Killed a meat berserker
    33 | D        | Reached skill level 27 in Unarmed Combat
    33 | D        | Reached XP level 20. HP: 216/216 MP: 15/41
    33 | D        | Killed a meat berserker
    35 | D        | Killed a meat berserker
    35 | D        | Noticed a meat berserker
    35 | D        | Noticed a meat berserker
    36 | D        | Reached skill level 27 in Stealth
    36 | D        | Reached skill level 27 in Invocations
    36 | D        | Noticed a meat berserker
    36 | D        | Killed a meat berserker
    37 | D        | Killed a meat berserker
    37 | D        | Killed a destroyer
    37 | D        | Killed a meat berserker
    37 | D        | Noticed a meat berserker
    38 | D        | Reached skill level 27 in Spellcasting
    38 | D        | Reached skill level 5 in Short Blades
    38 | D        | Reached skill level 5 in Ranged Weapons
    38 | D        | Reached skill level 5 in Throwing
    38 | D        | Reached skill level 5 in Evocations
    38 | D        | Reached skill level 5 in Shapeshifting
    38 | D        | Reached XP level 21. HP: 224/224 MP: 16/51
    38 | D        | Noticed a large bag of meat
    40 | D        | Reached skill level 5 in Conjurations
    40 | D        | Reached skill level 5 in Summonings
    40 | D        | Reached skill level 5 in Necromancy
    40 | D        | Reached skill level 5 in Translocations
    40 | D        | Reached skill level 5 in Fire Magic
    40 | D        | Reached skill level 5 in Ice Magic
    40 | D        | Reached skill level 5 in Air Magic
    40 | D        | Reached skill level 5 in Alchemy
    41 | D        | Reached skill level 10 in Long Blades
    41 | D        | Reached skill level 5 in Hexes
    41 | D        | Reached XP level 22. HP: 233/233 MP: 17/52
    41 | D        | Killed a large bag of meat
    42 | D        | Reached skill level 10 in Short Blades
    42 | D        | Reached skill level 10 in Ranged Weapons
    42 | D        | Reached skill level 10 in Shapeshifting
    42 | D        | Killed a large bag of meat
    42 | D        | Noticed a destroyer
    42 | D        | Noticed a destroyer
    43 | D        | Reached skill level 10 in Earth Magic
    45 | D        | Reached skill level 15 in Long Blades
    45 | D        | Reached skill level 10 in Air Magic
    45 | D        | Reached skill level 10 in Alchemy
    45 | D        | Noticed an accursed
    46 | D        | Reached XP level 23. HP: 226/240 MP: 18/53
    46 | D        | Noticed a large bag of meat
    47 | D        | Reached skill level 15 in Staves
    47 | D        | Reached skill level 15 in Shields
    47 | D        | Reached skill level 10 in Conjurations
    47 | D        | Reached skill level 10 in Summonings
    47 | D        | Reached skill level 10 in Necromancy
    47 | D        | Reached skill level 10 in Translocations
    47 | D        | Reached skill level 10 in Fire Magic
    47 | D        | Reached skill level 10 in Ice Magic
    48 | D        | Reached skill level 15 in Short Blades
    48 | D        | Reached skill level 15 in Ranged Weapons
    48 | D        | Reached skill level 15 in Shapeshifting
    48 | D        | Killed a destroyer
    48 | D        | Killed a destroyer
    48 | D        | Noticed a destroyer
    49 | D        | Reached skill level 15 in Throwing
    49 | D        | Reached skill level 15 in Evocations
    49 | D        | Reached XP level 24. HP: 237/249 MP: 19/53
    49 | D        | Noticed an accursed
    49 | D        | Noticed a destroyer
    51 | D        | Noticed a destroyer
    52 | D        | Reached skill level 15 in Earth Magic
    52 | D        | Noticed a tyrant
    52 | D        | Noticed a large bag of meat
    54 | D        | Noticed a tyrant
    55 | D        | Killed a destroyer
    56 | D        | Reached skill level 15 in Air Magic
    56 | D        | Reached skill level 15 in Alchemy
    56 | D        | Reached XP level 25. HP: 257/257 MP: 21/53
    56 | D        | Killed a destroyer
    57 | D        | Noticed an accursed
    57 | D        | Killed a tyrant
    57 | D        | Noticed an accursed
    58 | D        | Reached skill level 15 in Conjurations
    58 | D        | Reached skill level 15 in Summonings
    58 | D        | Reached skill level 15 in Necromancy
    58 | D        | Reached skill level 15 in Translocations
    58 | D        | Reached skill level 15 in Fire Magic
    58 | D        | Reached skill level 15 in Ice Magic
    58 | D        | Noticed a tyrant
    61 | D        | Killed a large bag of meat
    61 | D        | Killed a destroyer
    61 | D        | Noticed a destroyer
    62 | D        | Reached XP level 26. HP: 72/266 MP: 22/53
    62 | D        | Noticed a meat beast
    62 | D        | Noticed a tyrant
    62 | D        | Noticed an accursed
    62 | D        | Noticed an accursed
    62 | D        | Noticed a destroyer
    62 | D        | Noticed a large bag of meat
    62 | D        | Noticed a destroyer
    62 | D        | Noticed a tyrant
    63 | D        | Killed a large bag of meat
    63 | D        | Killed a large bag of meat
    63 | D        | HP: 8/266 [accursed/divine providence (13)]
    64 | D        | Reached skill level 15 in Hexes
    64 | D        | Killed from afar by an accursed

Illustrated notes

Levels and vault maps discovered:
D:        meatsprint

Skill      XL: |  1  2  3  4  5  6  7  8  9 10 11 12 13 14 15 16 17 18 19 20 21 22 23 24 25 26 |
---------------+-------------------------------------------------------------------------------+-----
Fighting       | 21 23 24 27 | 27.0
Axes           | 22 23 24 27 | 27.0
Armour         | 11 14 16 22 27 | 27.0
Dodging        | 10 12 14 20 25 27 | 27.0
Maces & Flails | 11 17 21 25 27 | 27.0
Polearms       | 11 17 21 25 27 | 27.0
Stealth        | 8 13 16 20 23 27 | 27.0
Unarmed Combat | 10 15 19 23 27 | 27.0
Spellcasting   | 6 10 12 15 18 27 | 27.0
Invocations    | 9 14 17 21 25 27 | 27.0
Short Blades   | 5 9 13 16 19 22 | 22.3
Long Blades    | 6 10 16 19 22 25 26 | 26.0
Staves         | 6 9 14 18 20 23 24 | 24.0
Ranged Weapons | 5 9 13 16 19 22 | 22.3
Throwing       | 5 8 12 15 17 20 | 20.6
Shields        | 6 9 14 18 20 23 24 | 24.0
Conjurations   | 3 6 9 12 14 16 | 16.3
Hexes          | 3 5 9 11 12 14 15 | 15.0
Summonings     | 3 6 9 12 14 16 | 16.3
Necromancy     | 3 6 9 12 14 16 | 16.3
Translocations | 3 6 9 12 14 16 | 16.3
Fire Magic     | 3 6 9 12 14 16 | 16.3
Ice Magic      | 3 6 9 12 14 16 | 16.3
Air Magic      | 4 6 10 13 15 17 | 17.7
Earth Magic    | 4 7 11 14 16 19 | 19.2
Alchemy        | 4 6 10 13 15 17 | 17.7
Evocations     | 5 8 12 15 17 20 | 20.7
Shapeshifting  | 5 9 13 16 19 22 | 22.3

Action                     |  1- 3 |  4- 6 |  7- 9 | 10-12 | 13-15 | 16-18 | 19-21 | 22-24 | 25-27 || total
---------------------------+-------+-------+-------+-------+-------+-------+-------+-------+-------++-------
  Melee: Executioner's axe |     1 |       |       |     2 |     4 |     6 |     8 |    12 |     8 ||    41
    Use: Scroll            |       |       |       |       |       |       |       |       |     1 ||     1
 Armour: Animal skin       |       |       |       |       |     3 |    11 |     1 |    14 |     9 ||    38

Table legend: (Time is in decaauts)
 A = Elapsed time spent in this place.
 B = Non-inter-level travel time spent in this place.
 C = Inter-level travel time spent in this place.
 D = Time resting spent in this place.
 E = Time spent auto-exploring this place.
 F = Levels seen in this place.
 G = Mean time per level.
                   A        B        C        D        E       F      G
               +--------+--------+--------+--------+--------+-----+--------+
         Total |     52 |     52 |      0 |      0 |      0 |   1 |   52.0 |
       Dungeon |     52 |     52 |      0 |      0 |      0 |   1 |   52.0 |
               +--------+--------+--------+--------+--------+-----+--------+

Top non-repeatable levels by time:
       D: 52 daAuts
